 Dungeon Crawl Stone Soup version 0.25.1-2-g60ff931df9 (webtiles) character file.

Game seed: 224463192605370347

105 selver the Stinger (level 4, 0/30 HPs)
             Began as a Demonspawn Venom Mage on Nov 1, 2020.
             Slain by Grinder (5 damage)
             ... on level 2 of the Dungeon.
             The game lasted 00:10:32 (2758 turns).

selver the Stinger (Demonspawn Venom Mage)          Turns: 2758, Time: 00:10:33

Health: 0/30       AC:  7    Str:  8    XL:     4   Next: 53%
Magic:  17/17      EV: 14    Int: 17    God:
Gold:   74         SH:  0    Dex: 14    Spells: 6/9 levels left

rFire    . . .     SeeInvis .   t - +3 quarterstaff (chaos)
rCold    + . .     Gourm    .   (shield currently unavailable)
rNeg     . . .     Faith    .   a - +0 robe
rPois    .         Spirit   .   (no helmet)
rElec    .         Reflect  .   s - +0 cloak {rCorr}
rCorr    +         Harm     .   (no gloves)
MR       .....                  (no boots)
Stlth    ++........             (no amulet)
HPRegen  0.10/turn              f - ring of magical power
MPRegen  0.15/turn              i - +4 ring of protection

@: flying
A: talons 1, repulsion field 1, cold resistance 1
a: no special abilities


You were on level 2 of the Dungeon.
You were hungry.

You visited 1 branch of the dungeon, and saw 3 of its levels.

You collected 74 gold pieces.

Inventory:

Hand Weapons
 t - a +3 quarterstaff of chaos (weapon)
Armour
 a - a +0 robe (worn)
 e - a +0 leather armour
 g - a +0 ring mail
 n - a +0 buckler
 s - a +0 cloak of preservation (worn)
Jewellery
 f - a ring of magical power (left hand)
 i - a +4 ring of protection (right hand)
 u - a +6 ring of intelligence
Scrolls
 b - 3 scrolls of remove curse
 j - a scroll of random uselessness {unknown}
 k - a scroll of enchant weapon {unknown}
 l - a scroll of magic mapping {unknown}
 m - 2 scrolls of immolation {unknown}
Potions
 d - a potion of haste {unknown}
 o - a potion of flight
 p - a potion of resistance {unknown}
 q - a potion of might {unknown}
 r - a potion of curing {unknown}
Comestibles
 c - 6 rations


   Skills:
 - Level 1.7 Dodging
 - Level 1.7 Stealth
 + Level 3.0 Spellcasting
 - Level 0.8 Transmutations
 * Level 4.7 Poison Magic


You had 6 spell levels left.
You knew the following spells:

 Your Spells              Type           Power        Failure   Level  Hunger
a - Sting                 Tmut/Pois      ##..         5%          1    None
b - Poisonous Vapours     Pois/Air       ##....       10%         2    ##.....

Your spell library contained the following spells:

 Spells                   Type           Power        Failure   Level  Hunger
 Ignite Poison            Fire/Tmut/Pois #.......     24%         3    ###....
 Olgreb's Toxic Radiance  Pois           ###.....     24%         4    ####...
 Mephitic Cloud           Conj/Pois/Air  #.......     26%         3    ###....


Dungeon Overview and Level Annotations

Branches:
Dungeon (3/15)

Altars:
Sif Muna

Annotations:
D:2 Grinder


Innate Abilities, Weirdness & Mutations

You have sharp toenails.
You are surrounded by a mild repulsion field. (EV +2)
Your flesh is cold resistant. (rC+)


Message History

Grinder gestures at you.
You barely resist. Grinder gestures at you. You resist with significant effort.
Grinder gestures at you. You resist with significant effort.
All of the chunks of flesh in your inventory have rotted away.
Grinder barely misses you.
You climb upwards.
There is a stone staircase leading down here.
You hit Grinder. You burn Grinder. Your kick misses Grinder.
Grinder is lightly wounded.
Grinder hits you!
* * * LOW HITPOINT WARNING * * *
You writhe in agony.
* * * LOW HITPOINT WARNING * * *
It was a potion of flight.
You feel very buoyant.
You fly up into the air.
Grinder hits you.
You die...

#....#.............# ######.#
##...#############.# #......#
#...# #.# #.###### #...# ##.##
#.# ###...# #####
##...#####.###### ..#...###..(##
##.#÷#.#......#...
#.#...##.###.###.##.##..##.###.##
#.....#.##..............##.###.#.
#..........##.##@#..##.###...#.#.
#.##.##.##.......5....<....#.....
#.##.........####....########.###
#.#######...## #....# #.# # #.#
##### ♣.P..♣ #.# #.# ♣♣PP.♣ ###
#.### #.# ######### ♣♣.♣♣ #.#
#.... #.####.......# ♣♣.♣ #.#
#.### .......####### ♣.♣♣
#.####.# #


You could see Grinder.

Vanquished Creatures
  Crazy Yiuf (D:2)
  3 adders (D:2)
  2 dart slugs (D:1)
  3 leopard geckos
  2 ball pythons
  10 bats
  4 giant cockroaches
  3 goblins
  7 hobgoblins
  4 kobolds
  4 frilled lizards
  2 rats (D:1)
45 creatures vanquished.

Notes
Turn   | Place    | Note
-------+----------+-------------------------------------------
     0 | D:1      | selver the Demonspawn Venom Mage began the quest for the
                  | Orb.
     0 | D:1      | Reached XP level 1. HP: 13/13 MP: 3/3
   623 | D:1      | Gained mutation: You are surrounded by a mild repulsion
                  | field. (EV +2) [demonic ancestry]
   623 | D:1      | Reached XP level 2. HP: 16/19 MP: 0/5
   893 | D:1      | Learned a level 2 spell: Poisonous Vapours
  1643 | D:1      | Gained mutation: You have sharp toenails. [demonic
                  | ancestry]
  1643 | D:1      | Reached XP level 3. HP: 22/24 MP: 6/6
  1753 | D:2      | Reached skill level 4 in Poison Magic
  2330 | D:2      | Gained mutation: Your flesh is cold resistant. (rC+)
                  | [demonic ancestry]
  2330 | D:2      | Reached XP level 4. HP: 30/30 MP: 8/8
  2364 | D:2      | Found a shimmering blue altar of Sif Muna.
  2505 | D:2      | Found a runed translucent door.
  2506 | D:2      | Noticed Crazy Yiuf
  2528 | D:2      | Killed Crazy Yiuf
  2714 | D:3      | Noticed Grinder
  2717 | D:3      | Paralysed by Grinder for 3 turns
  2725 | D:3      | Paralysed by Grinder for 6 turns
  2758 | D:2      | Slain by Grinder

Illustrated notes

Levels and vault maps discovered:
D:1:      dpeg_arrival_water_temple_mockup, layout_loops_ring
D:2:      layout_loops_ring, nicolae_overflow_crystal_walls,
          uniq_crazy_yiuf_cottage
D:3:      layout_basic, lemuel_round_altar, grunt_temple_overflow_open,
          first_ration, uniq_jessica, uniq_grinder, uniq_sigmund

Skill      XL: |  1  2  3  4 |
---------------+-------------+-----
Poison Magic   | 4 |  4.7
Spellcasting   | 3 |  3.0
Dodging        | |  1.7
Stealth        | |  1.7
Transmutations | |  0.8

Action                   |  1- 3 |  4- 6 || total
-------------------------+-------+-------++-------
Melee: Unarmed           |    36 |     5 ||    41
       Kick              |     2 |       ||     2
       Quarterstaff      |       |     3 ||     3
 Cast: Sting             |    75 |     5 ||    80
       Poisonous Vapours |     1 |     1 ||     2
  Use: Potion            |     1 |     1 ||     2
       Scroll            |     1 |       ||     1
  Eat: Chunk             |     5 |     1 ||     6
Armor: Robe              |    21 |     1 ||    22
Dodge: Dodged            |    56 |     6 ||    62
